[Event "Titled Tuesday Blitz April 05 Late 2022"]
[White "Putri, Regita Desyari"]
[Black "Koellner, Ruben Gideon"]
[WhiteFideId "7109083"]
[BlackFideId "12993093"]
[WhiteElo "2319"]
[BlackElo "2558"]
[Result "0-1"]
[Round "05"]
[TimeControl "180+1"]
[Date "2022.04.06"]
[WhiteClock "0:00:21"]
[BlackClock "0:01:50"]

1. c4 e6 2. Nc3 Nf6 3. g3 d5 4. cxd5 exd5 5. d4 c6 6. Bg2 Bd6 7. Nf3 O-O 8. O-O Re8 9. b3 Bf5 10. Bb2 Nbd7 11. Rc1 Ne4 12. Na4 Qe7 13. e3 Bg4 14. Qc2 Bxf3 15. Bxf3 f5 16. Bg2 h5 17. Qe2 h4 18. Rc2 g6 19. Rfc1 Kf7 20. Qf3 Rh8 21. Nc5 Ndxc5 22. dxc5 Be5 23. Bd4 Bxd4 24. exd4 Qg5 25. b4 a6 26. a4 hxg3 27. hxg3 Qh6 28. Qf4 Qxf4 29. gxf4 Rh4 30. f3 Nf6 31. Kf2 Rxf4 32. Ke3 g5 33. Kd3 Rh4 34. Re2 Nh5 35. Kc3 Nf4 36. Rec2 Re8 37. b5 Ne2+ 38. Kd3 Rxd4# 0-1


[Site "https://www.chess.com"]

[Event "Titled Tuesday Blitz April 05 Late 2022"]
[White "Reprintsev, Alexander"]
[Black "Zherebtsova, Alexandra"]
[WhiteFideId "14100541"]
[BlackFideId "24129518"]
[WhiteElo "2563"]
[BlackElo "2393"]
[Result "0-1"]
[Round "05"]
[TimeControl "180+1"]
[Date "2022.04.06"]
[WhiteClock "0:00:33"]
[BlackClock "0:00:04"]

1. e4 e5 2. f4 exf4 3. Bc4 Ne7 4. Nc3 c6 5. d4 d5 6. exd5 cxd5 7. Bb5+ Nbc6 8. Bxf4 a6 9. Ba4 b5 10. Bb3 Be6 11. Nf3 h6 12. O-O Ng6 13. Bg3 Be7 14. Qd3 O-O 15. Rae1 Qd7 16. a4 b4 17. Ne2 Na5 18. Ne5 Nxe5 19. Bxe5 Nc4 20. Bxc4 dxc4 21. Qg3 f6 22. Bf4 Kh8 23. c3 Bd5 24. Bd2 Bd6 25. Qh4 bxc3 26. Nxc3 Bb7 27. d5 Be5 28. Rd1 Rac8 29. Be3 Qf7 30. Bd4 Bb8 31. Rfe1 Qg6 32. Qf2 Rce8 33. Bc5 Rxe1+ 34. Rxe1 Rd8 35. Qd4 Be5 36. Qxc4 Bxc3 37. Qxc3 Bxd5 38. Qg3 Qc2 39. b4 Bc6 40. a5 Rd2 41. Bf2 Kh7 42. Qe3 Rd6 43. h3 f5 44. Kh2 Be4 45. Rc1 Qa2 46. Rc7 Rg6 47. Bg3 Qa4 48. Qc3 Qa2 0-1


[Site "https://www.chess.com"]

[Event "Titled Tuesday Blitz April 05 Late 2022"]
[White "Romanchuk, Viktor"]
[Black "Rudzinska, Michalina"]
[WhiteFideId "14109271"]
[BlackFideId "1172883"]
[WhiteElo "2558"]
[BlackElo "2298"]
[Result "1-0"]
[Round "05"]
[TimeControl "180+1"]
[Date "2022.04.06"]
[WhiteClock "0:00:15"]
[BlackClock "0:00:03"]

1. d4 Nf6 2. c4 e6 3. Nc3 c5 4. d5 exd5 5. cxd5 d6 6. e4 g6 7. f4 Bg7 8. Nf3 Nfd7 9. Be2 O-O 10. O-O Na6 11. Nd2 Nc7 12. Kh1 b6 13. Nc4 Ne8 14. Nb5 Ndf6 15. Bf3 a6 16. Nbxd6 Nxd6 17. Nxd6 Qxd6 18. e5 Qd8 19. exf6 Qxf6 20. a4 Bb7 21. Ra3 Rad8 22. h3 c4 23. Re1 Qd4 24. Qxd4 Bxd4 25. Rd1 Bxd5 26. Rxd4 Bxf3 27. Rxd8 Rxd8 28. Be3 Be4 29. Kg1 Rd1+ 30. Kf2 Rb1 31. Bd4 Rc1 32. Rc3 Rd1 33. Bxb6 Bd3 34. Be3 Ra1 35. b3 cxb3 36. Rxb3 1-0


[Site "https://www.chess.com"]

[Event "Titled Tuesday Blitz April 05 Late 2022"]
[White "Sadovsky, Artem"]
[Black "Bas Mas, Jose Joaquin"]
[WhiteFideId "4155840"]
[BlackFideId "22219064"]
[WhiteElo "2314"]
[BlackElo "2212"]
[Result "0-1"]
[Round "05"]
[TimeControl "180+1"]
[Date "2022.04.06"]
[WhiteClock "0:00:04"]
[BlackClock "0:00:42"]

1. e4 c5 2. Nf3 d6 3. c3 Nf6 4. h3 Nc6 5. Bd3 e5 6. Bc2 g6 7. O-O Bg7 8. d4 O-O 9. dxc5 dxc5 10. Be3 b6 11. Na3 Ba6 12. Qxd8 Rfxd8 13. Rfd1 h6 14. Nd2 Be2 15. Re1 Bd3 16. Rad1 Bxc2 17. Nxc2 Rd7 18. Nc4 Rad8 19. Rxd7 Rxd7 20. Bc1 b5 21. Nd2 Nh5 22. Nb3 Bf8 23. Ne3 Nf4 24. Ng4 Kg7 25. Bxf4 exf4 26. e5 c4 27. Nf6 Rd3 28. Nc1 Rd2 29. Ne2 g5 30. Ne8+ Kg6 31. Nc7 Rxb2 32. e6 fxe6 33. Nxe6 Bg7 34. h4 Rxa2 35. h5+ Kf7 36. Nxg7 Kxg7 37. Nd4 Nxd4 38. cxd4 c3 39. Re7+ Kf6 40. Rh7 c2 41. Rxh6+ Kf5 42. Rc6 Ra1+ 43. Kh2 c1=Q 44. g4+ Kxg4 45. Rxc1 Rxc1 46. h6 Rc7 47. f3+ Kxf3 48. d5 Rh7 49. d6 Rxh6+ 50. Kg1 Rxd6 51. Kh2 g4 52. Kg1 g3 53. Kf1 Rd1# 0-1


[Site "https://www.chess.com"]

[Event "Titled Tuesday Blitz April 05 Late 2022"]
[White "Saldano Dayer, Horacio"]
[Black "Araujo Filho, Luiz Antonio Coel"]
[WhiteFideId "103411"]
[BlackFideId "2130661"]
[WhiteElo "2419"]
[BlackElo "2277"]
[Result "1-0"]
[Round "05"]
[TimeControl "180+1"]
[Date "2022.04.06"]
[WhiteClock "0:00:26"]
[BlackClock "0:00:04"]

1. Nf3 f5 2. g3 Nf6 3. Bg2 g6 4. O-O Bg7 5. d4 O-O 6. c3 d6 7. Qb3+ e6 8. Nbd2 d5 9. Ne5 Nbd7 10. Nd3 c6 11. Nf3 Qe7 12. a4 Kh8 13. Bf4 Nh5 14. Bg5 Qd6 15. Qa3 Qxa3 16. Rxa3 h6 17. Be7 Re8 18. Bd6 Kh7 19. a5 Nhf6 20. Raa1 Ne4 21. Ba3 g5 22. Nfe5 Nxe5 23. dxe5 Nd2 24. Rfd1 Nc4 25. f4 Nxa5 26. Bc5 b6 27. Be3 Nc4 28. Bf2 gxf4 29. gxf4 Rg8 30. b3 Na5 31. Rdb1 Bd7 32. Kf1 Bf8 33. Bf3 Be7 34. Nb4 c5 35. Nc2 c4 36. Nd4 cxb3 37. Nxb3 Nxb3 38. Rxb3 Rgc8 39. Bd4 Bc6 40. Rb2 Bc5 41. Rba2 a5 42. Rb2 Bxd4 43. cxd4 Ra6 44. e3 b5 45. Be2 Rb8 46. Rab1 Rab6 47. Rc1 a4 48. Rb4 Be8 49. Rc7+ Kg6 50. h4 h5 51. Kf2 Ra8 52. Rb1 a3 53. Rg1+ Kh6 54. Rgg7 a2 55. Rh7+ Kg6 56. Rcg7# 1-0


[Site "https://www.chess.com"]

[Event "Titled Tuesday Blitz April 05 Late 2022"]
[White "Sanchez Alvares, Kelvin Antonio"]
[Black "Wieczorek, Oskar"]
[WhiteFideId "3906680"]
[BlackFideId "1133950"]
[WhiteElo "2499"]
[BlackElo "2612"]
[Result "1/2-1/2"]
[Round "05"]
[TimeControl "180+1"]
[Date "2022.04.06"]
[WhiteClock "0:00:06"]
[BlackClock "0:00:04"]

1. e4 e6 2. d4 d5 3. Nd2 c5 4. exd5 exd5 5. Ngf3 Nf6 6. Bb5+ Bd7 7. Qe2+ Be7 8. O-O O-O 9. dxc5 Re8 10. Nb3 a6 11. Bxd7 Nbxd7 12. c3 Bxc5 13. Qd3 Bb6 14. Bg5 Qc7 15. Bxf6 Nxf6 16. Nbd4 Rad8 17. Rae1 Ne4 18. Re2 g6 19. Rfe1 Re7 20. Ng5 Rde8 21. Nxe4 dxe4 22. Rxe4 Rxe4 23. Rxe4 Rxe4 24. Qxe4 Qd7 25. g3 h5 26. h4 Bc5 27. Kg2 Bf8 28. Nf3 Qb5 29. b3 Bd6 30. c4 Qd7 31. Qd5 Qe7 32. Ng5 Bc5 33. Ne4 Ba7 34. c5 Kg7 35. b4 Bb8 36. a4 Be5 37. b5 axb5 38. axb5 Bc7 39. b6 Be5 40. Ng5 Bb2 41. c6 bxc6 42. Qxc6 Be5 43. b7 Bb8 44. Ne4 f5 45. Qc3+ Kg8 46. Nf6+ Kf7 47. Nd5 Qxb7 48. Qf3 Be5 49. Ne3 Qxf3+ 50. Kxf3 Ke6 51. Nc4 Bc7 52. Ke3 Kd5 53. Nd2 Bb6+ 54. Kf3 Ba7 55. Nf1 Bd4 56. Ne3+ Bxe3 57. Kxe3 Ke5 58. f4+ Ke6 59. Kd4 Kd6 60. Kc4 Kc6 61. Kd4 Kd6 62. Kc4 Kc6 63. Kd4 Kd6 1/2-1/2


[Site "https://www.chess.com"]

[Event "Titled Tuesday Blitz April 05 Late 2022"]
[White "Sarana, Alexey"]
[Black "Moussard, Jules"]
[WhiteFideId "24133795"]
[BlackFideId "642908"]
[WhiteElo "2666"]
[BlackElo "2589"]
[Result "1-0"]
[Round "05"]
[TimeControl "180+1"]
[Date "2022.04.05"]
[WhiteClock "0:00:28"]
[BlackClock "0:00:02"]

1. d4 Nf6 2. c4 d6 3. Nc3 Nbd7 4. e4 e5 5. Nf3 Be7 6. Be2 O-O 7. O-O c6 8. d5 c5 9. Ne1 Ne8 10. Nd3 Bg5 11. a3 Bxc1 12. Qxc1 b6 13. b4 Ba6 14. b5 Bc8 15. a4 a5 16. bxa6 Bxa6 17. Ne1 g6 18. Nc2 f5 19. exf5 gxf5 20. Qh6 Qf6 21. Qxf6 Nexf6 22. f4 Ne4 23. Nxe4 fxe4 24. f5 Kf7 25. Ne3 Nf6 26. g4 h6 27. h4 Rg8 28. Kh2 Bc8 29. Rfb1 Ra6 30. Rb2 Bd7 31. Bd1 Ke7 32. Rg2 Nh7 33. Bc2 b5 34. cxb5 Bxb5 35. Rb1 Bd7 36. Rb7 Kd8 37. Bd1 Kc8 38. Rgb2 Kd8 39. Rxd7+ Kxd7 40. Rb7+ Kd8 41. Rxh7 Rb6 42. Rxh6 Rb2+ 43. Kg3 Rd2 44. Rxd6+ Ke7 45. Re6+ Kd7 46. f6 Rd3 47. Kf2 c4 48. g5 Rd2+ 49. Ke1 Rd3 50. Ke2 c3 51. f7 Rb8 52. Bc2 Rd2+ 53. Ke1 Rh2 54. g6 Rh1+ 55. Kf2 Rh2+ 56. Kf1 Rxh4 57. Rxe5 Rh3 58. Rxe4 Kd6 59. Ke2 Rh2+ 60. Kd3 Rc8 61. Re6+ Kd7 62. g7 Rd2+ 63. Ke4 Rf2 64. f8=Q Rcxf8 65. gxf8=Q Rxf8 66. a5 Ra8 67. a6 Rh8 68. a7 Kc7 69. Re7+ Kb6 70. d6 Ra8 71. Kd5 Ka6 72. Rc7 Re8 73. Bd3+ Kb6 74. Nc4+ Kb5 75. Rb7+ Ka6 76. Rb8 Rxb8 77. axb8=Q 1-0


[Site "https://www.chess.com"]

[Event "Titled Tuesday Blitz April 05 Late 2022"]
[White "Sarkar, Justin"]
[Black "Danilov, Vladimir"]
[WhiteFideId "2010011"]
[BlackFideId "1203398"]
[WhiteElo "2038"]
[BlackElo "2227"]
[Result "1/2-1/2"]
[Round "05"]
[TimeControl "180+1"]
[Date "2022.04.06"]
[WhiteClock "0:00:06"]
[BlackClock "0:00:37"]

1. e4 e5 2. Nc3 Nc6 3. f4 exf4 4. d4 Bb4 5. Bxf4 Nf6 6. d5 Ne7 7. Qd4 Bxc3+ 8. bxc3 d6 9. Nf3 h6 10. Bd3 Ng6 11. Bg3 O-O 12. O-O Re8 13. c4 Ng4 14. c5 N4e5 15. Bb5 Bd7 16. a4 a6 17. Be2 Qe7 18. Nxe5 Nxe5 19. Rab1 dxc5 20. Qxe5 Qxe5 21. Bxe5 Rxe5 22. Rxb7 Rxe4 23. Bf3 Rd4 24. Rxc7 Bxa4 25. Rxc5 Rd8 26. c3 Rd2 27. Rf2 Rd3 28. Ra2 Bb3 29. Rxa6 Bxd5 30. Bxd5 R3xd5 31. Rxd5 Rxd5 32. Ra2 Rd1+ 33. Kf2 Rc1 34. Ra8+ Kh7 35. Rc8 Rc2+ 36. Kg3 f5 37. h4 Kg6 38. Rc7 Kh5 39. Rxg7 Rxc3+ 40. Kh2 Kxh4 41. Rf7 Kg5 42. Rg7+ Kf6 43. Rg8 Rc7 44. Rh8 Kg6 45. Rg8+ Rg7 46. Rf8 Kg5 47. Re8 Kg4 48. Rb8 h5 49. Rb4+ f4 50. g3 Rf7 51. Rxf4+ Rxf4 52. gxf4 Kxf4 53. Kh3 Kg5 54. Kg3 h4+ 55. Kh3 Kh5 56. Kh2 Kg4 57. Kg2 h3+ 58. Kh2 Kf3 59. Kxh3 1/2-1/2


[Site "https://www.chess.com"]

[Event "Titled Tuesday Blitz April 05 Late 2022"]
[White "Sevian, Samuel"]
[Black "Rasulov, Vugar"]
[WhiteFideId "2040506"]
[BlackFideId "13402390"]
[WhiteElo "2698"]
[BlackElo "2560"]
[Result "1-0"]
[Round "05"]
[TimeControl "180+1"]
[Date "2022.04.05"]
[WhiteClock "0:00:40"]
[BlackClock "0:00:33"]

1. f4 d5 2. Nf3 c5 3. g3 g6 4. Bg2 Bg7 5. O-O Nc6 6. d3 Nf6 7. Nc3 d4 8. Ne4 Nxe4 9. dxe4 O-O 10. h3 b6 11. g4 Bb7 12. Bd2 Qd7 13. Qe1 c4 14. e5 d3 15. cxd3 cxd3 16. exd3 Qxd3 17. Bc3 Rad8 18. Qh4 Qe3+ 19. Kh1 h6 20. Qg3 b5 21. Rae1 Qd3 22. e6 Bxc3 23. bxc3 Qxc3 24. Qh4 Kg7 25. Rc1 Qf6 26. Qxf6+ Kxf6 27. Ne5 Na5 28. Nd7+ Kxe6 29. Nxf8+ Rxf8 30. Bxb7 Nxb7 31. Rc7 Nd6 32. Re1+ Kf6 33. Rexe7 a5 34. Re5 Rd8 35. Rc6 g5 36. Rxb5 gxf4 37. Rxa5 Ke6 38. Ra4 Kd5 39. Rc3 Rb8 40. Rxf4 Rb2 41. a4 Ra2 42. Re3 Rb2 43. Kg1 Ra2 44. Kf1 Rb2 45. Re2 Rb3 46. Kg2 Ra3 47. Rf6 Nc4 48. Rxh6 Rxa4 49. Rf6 Ra3 50. Rxf7 Ne3+ 51. Kf2 Nd1+ 52. Ke1 Ne3 53. Rf3 1-0


[Site "https://www.chess.com"]

[Event "Titled Tuesday Blitz April 05 Late 2022"]
[White "Shimanov, Aleksandr"]
[Black "Javakhadze, Zurab"]
[WhiteFideId "4198603"]
[BlackFideId "13603647"]
[WhiteElo "2636"]
[BlackElo "2381"]
[Result "1-0"]
[Round "05"]
[TimeControl "180+1"]
[Date "2022.04.05"]
[WhiteClock "0:00:29"]
[BlackClock "0:00:07"]

1. d4 d5 2. Nc3 Nf6 3. Bf4 e6 4. Nb5 Na6 5. e3 Be7 6. Nf3 O-O 7. g4 Ne4 8. Nd2 c5 9. Nxe4 dxe4 10. c3 Bd7 11. a4 Bc6 12. Bg2 f5 13. gxf5 exf5 14. Bf1 Kh8 15. Rg1 g5 16. Be5+ Bf6 17. Nd6 Qe7 18. Qh5 Rad8 19. Nxf5 Qe6 20. Nh6 Bxe5 21. dxe5 Qd5 22. Be2 Qxe5 23. Rxg5 Qf6 24. Rf5 Qg6 25. Nf7+ Kg7 26. Qxg6+ hxg6 27. Nxd8 Rxf5 28. Nxc6 1-0


[Site "https://www.chess.com"]

[Event "Titled Tuesday Blitz April 05 Late 2022"]
[White "Smirnov, Pavel"]
[Black "Roberson, Peter T"]
[WhiteFideId "4123425"]
[BlackFideId "412384"]
[WhiteElo "2539"]
[BlackElo "2346"]
[Result "1-0"]
[Round "05"]
[TimeControl "180+1"]
[Date "2022.04.05"]
[WhiteClock "0:02:02"]
[BlackClock "0:01:39"]

1. e4 e5 2. Nf3 Nc6 3. Bc4 Bc5 4. b4 Bxb4 5. c3 Ba5 6. d4 d6 7. Qb3 Qd7 8. O-O Bb6 9. a4 Na5 10. Qa2 Nxc4 11. Qxc4 Nf6 12. a5 Nxe4 13. axb6 cxb6 14. dxe5 d5 15. Qd4 O-O 16. c4 Rd8 17. Ba3 Qg4 18. cxd5 Qg6 19. Be7 Bh3 20. Nh4 Qg4 21. f3 Qf4 22. Qxe4 1-0


[Site "https://www.chess.com"]

[Event "Titled Tuesday Blitz April 05 Late 2022"]
[White "Soysal, Serkan"]
[Black "Foisor, Sabina-Francesca"]
[WhiteFideId "6349250"]
[BlackFideId "1212915"]
[WhiteElo "2440"]
[BlackElo "2243"]
[Result "1-0"]
[Round "05"]
[TimeControl "180+1"]
[Date "2022.04.06"]
[WhiteClock "0:00:06"]
[BlackClock "0:00:05"]

1. d4 d5 2. c4 e6 3. Nf3 Nf6 4. g3 Be7 5. Bg2 O-O 6. Qc2 c6 7. O-O b6 8. b3 Bb7 9. Bb2 Na6 10. Nc3 Rc8 11. e4 c5 12. exd5 exd5 13. dxc5 dxc4 14. Rfd1 Qe8 15. bxc4 Nxc5 16. Qf5 Ne6 17. Nd5 Rxc4 18. Nxf6+ Bxf6 19. Bxf6 gxf6 20. Qxf6 Bxf3 21. Bxf3 Rc5 22. h4 Ng7 23. Bd5 Qe2 24. Bb3 Qh5 25. Rd7 Qg6 26. Qe7 a5 27. Rd8 1-0


[Site "https://www.chess.com"]

[Event "Titled Tuesday Blitz April 05 Late 2022"]
[White "Svane, Frederik"]
[Black "Nazaretyan, Tigran"]
[WhiteFideId "12923044"]
[BlackFideId "24162345"]
[WhiteElo "2459"]
[BlackElo "2225"]
[Result "1-0"]
[Round "05"]
[TimeControl "180+1"]
[Date "2022.04.05"]
[WhiteClock "0:00:51"]
[BlackClock "0:00:17"]

1. e4 c5 2. Nf3 Nc6 3. Bb5 g6 4. O-O Bg7 5. Re1 Nf6 6. e5 Nd5 7. Nc3 Nc7 8. Bxc6 dxc6 9. d3 O-O 10. Ne4 b6 11. a4 Bg4 12. h3 Bxf3 13. Qxf3 Bxe5 14. Nxc5 Bg7 15. Ne4 Ne6 16. c3 Qd5 17. d4 Rad8 18. Be3 Rfe8 19. h4 f5 20. Ng5 Nxg5 21. Qxd5+ Rxd5 22. hxg5 e5 23. dxe5 Rdxe5 24. Kf1 c5 25. a5 b5 26. a6 R8e6 27. Red1 Bf8 28. Rd7 Re7 29. Rad1 Rxd7 30. Rxd7 Re7 31. Rd8 Rc7 32. Rb8 Rc6 33. b4 cxb4 34. cxb4 Kf7 35. Rb7+ Ke6 36. Rxa7 Bxb4 37. Ra8 Bc5 38. Bxc5 Rxc5 39. a7 Rc1+ 40. Ke2 Ra1 41. Re8+ Kd5 42. a8=Q+ Rxa8 43. Rxa8 Kc4 44. Kd2 Kd4 45. Rh8 Ke4 46. Rxh7 Kf4 47. Rh4+ Kxg5 48. Rb4 f4 49. Ke2 Kg4 50. Rxb5 g5 51. Rb4 Kh4 52. Kf3 g4+ 53. Kxf4 g3 54. f3 Kh5 55. Rb6 1-0


[Site "https://www.chess.com"]

[Event "Titled Tuesday Blitz April 05 Late 2022"]
[White "Szente Varga, Fruzsina"]
[Black "Suarez Uriel, Adrian"]
[WhiteFideId "712264"]
[BlackFideId "22230874"]
[WhiteElo "1994"]
[BlackElo "2316"]
[Result "0-1"]
[Round "05"]
[TimeControl "180+1"]
[Date "2022.04.06"]
[WhiteClock "0:00:19"]
[BlackClock "0:00:05"]

1. e4 c5 2. Nf3 Nc6 3. Bb5 e5 4. O-O Bd6 5. c3 a6 6. Bxc6 dxc6 7. d4 exd4 8. cxd4 cxd4 9. Qxd4 Ne7 10. Qxg7 Rg8 11. Qxh7 Bg4 12. Ng5 Rf8 13. h3 Bd7 14. Rd1 Qc7 15. Qh6 Be5 16. Nh7 Rg8 17. f4 Bg7 18. Nf6+ Bxf6 19. Qxf6 Bxh3 20. Rd2 Qb6+ 21. Kh2 Be6 22. Nc3 Qc5 23. f5 Bc4 24. Qd4 Qxd4 25. Rxd4 Bf1 26. g3 c5 27. Rd1 Bc4 28. Bf4 Nc6 29. Na4 Nd4 30. Nxc5 Ne2 31. Kg2 Nxf4+ 32. Kf3 Nh5 33. e5 Nxg3 34. Rd4 Bb5 35. Kf4 Ne2+ 0-1


[Site "https://www.chess.com"]

[Event "Titled Tuesday Blitz April 05 Late 2022"]
[White "Tregubov, Pavel V."]
[Black "Vovk, Orest"]
[WhiteFideId "4115341"]
[BlackFideId "14113490"]
[WhiteElo "2612"]
[BlackElo "2502"]
[Result "0-1"]
[Round "05"]
[TimeControl "180+1"]
[Date "2022.04.06"]
[WhiteClock "0:00:48"]
[BlackClock "0:00:57"]

1. e4 g5 2. d4 h6 3. h4 g4 4. Qxg4 d5 5. Qe2 dxe4 6. Qxe4 Nf6 7. Qd3 Nc6 8. Nf3 Bg4 9. Be2 Qd5 10. Nc3 Qh5 11. Qb5 O-O-O 12. Qxh5 Bxh5 13. Be3 Bxf3 14. Bxf3 Nxd4 15. O-O-O Nxf3 16. Rxd8+ Kxd8 17. Rd1+ Kc8 18. gxf3 a6 19. Bd4 Rg8 20. Re1 Nd7 21. f4 Rg4 22. Be3 Rxh4 23. Rg1 c6 24. Rg8 Kc7 25. Ne4 e6 26. Rh8 Bd6 27. Rh7 Bxf4 28. Kd2 Bxe3+ 29. Kxe3 Rxe4+ 0-1


[Site "https://www.chess.com"]

[Event "Titled Tuesday Blitz April 05 Late 2022"]
[White "Tristan, Leonardo"]
[Black "Baches Garcia, Guillermo"]
[WhiteFideId "113816"]
[BlackFideId "2209764"]
[WhiteElo "2404"]
[BlackElo "2517"]
[Result "1-0"]
[Round "05"]
[TimeControl "180+1"]
[Date "2022.04.05"]
[WhiteClock "0:00:09"]
[BlackClock "0:00:04"]

1. d4 Nf6 2. Nf3 e6 3. Bf4 d5 4. e3 c5 5. Nbd2 Nc6 6. c3 Nh5 7. Bg5 Qb6 8. dxc5 Bxc5 9. b4 Be7 10. Bxe7 Nxe7 11. a3 a5 12. b5 Nf6 13. c4 O-O 14. Qb3 Bd7 15. a4 Rac8 16. Be2 Rfd8 17. O-O h6 18. Rac1 Be8 19. Qa3 Qc5 20. Qxc5 Rxc5 21. Nb3 Rc7 22. c5 Ne4 23. Ne5 Rdc8 24. Nd3 Ng6 25. f3 Nf6 26. Rb1 Ra8 27. Rfc1 e5 28. Kf2 Kf8 29. g4 Ke7 30. h3 e4 31. Nf4 Nxf4 32. exf4 exf3 33. Kxf3 Ne4 34. Bd3 f5 35. gxf5 Bh5+ 36. Ke3 Kf6 37. Bxe4 Re8 38. Nd2 dxe4 39. c6 bxc6 40. Rxc6+ Rxc6 41. bxc6 Kxf5 42. Nc4 Rd8 43. c7 Ra8 44. c8=Q+ 1-0


[Site "https://www.chess.com"]

[Event "Titled Tuesday Blitz April 05 Late 2022"]
[White "Tsukerman, Julia"]
[Black "Calderon, Zachary"]
[WhiteFideId "2621649"]
[BlackFideId "2076969"]
[WhiteElo "2162"]
[BlackElo "2281"]
[Result "0-1"]
[Round "05"]
[TimeControl "180+1"]
[Date "2022.04.06"]
[WhiteClock "0:02:02"]
[BlackClock "0:01:54"]

1. e4 e6 2. d4 d5 3. exd5 exd5 4. Bd3 c5 5. dxc5 Bxc5 6. c3 Ne7 7. Nf3 Bg4 8. Nbd2 Nbc6 9. Nb3 Bb6 10. Qe2 a5 11. Be3 Bc7 12. Nbd4 Ne5 13. Bb5+ N7c6 14. h3 Bxf3 15. Nxf3 O-O 16. O-O Qf6 17. Nxe5 Qxe5 18. Qd3 Qh2# 0-1


[Site "https://www.chess.com"]

[Event "Titled Tuesday Blitz April 05 Late 2022"]
[White "Vasquez Schroeder, Rodrigo"]
[Black "Do Valle Cardoso, Lucas"]
[WhiteFideId "3400042"]
[BlackFideId "2163144"]
[WhiteElo "2561"]
[BlackElo "2331"]
[Result "1-0"]
[Round "05"]
[TimeControl "180+1"]
[Date "2022.04.05"]
[WhiteClock "0:02:17"]
[BlackClock "0:01:38"]

1. e4 e5 2. Nf3 Nc6 3. Bb5 f5 4. d3 fxe4 5. dxe4 Nf6 6. O-O d6 7. Nc3 Be7 8. Bc4 Na5 9. Qd3 Nxc4 10. Qxc4 c6 11. Rd1 Qc7 12. h3 a6 13. a4 b5 14. axb5 axb5 15. Nxb5 1-0


[Site "https://www.chess.com"]

[Event "Titled Tuesday Blitz April 05 Late 2022"]
[White "VengoDelFuturo"]
[Black "Adewumi, Tanitoluwa"]
[BlackFideId "30966396"]
[WhiteElo "2358"]
[BlackElo "2546"]
[Result "0-1"]
[Round "05"]
[TimeControl "180+1"]
[Date "2022.04.06"]
[WhiteClock "0:00:20"]
[BlackClock "0:00:05"]

1. e4 c5 2. c3 Nf6 3. e5 Nd5 4. d4 cxd4 5. Nf3 e6 6. cxd4 d6 7. Bc4 Nb6 8. Bd3 Nc6 9. O-O dxe5 10. dxe5 Qc7 11. Qe2 Be7 12. Nc3 O-O 13. Re1 Rd8 14. Bg5 Bxg5 15. Nxg5 h6 16. Qe4 hxg5 17. Qh7+ Kf8 18. Rad1 Nxe5 19. Nb5 Qb8 20. Bf1 Nd5 21. Qh8+ Ke7 22. Qxg7 Ng6 23. Nc3 Nxc3 24. Rxd8 Kxd8 25. Qf6+ Ke8 26. bxc3 Qf4 27. Bb5+ Bd7 28. Bxd7+ Kxd7 29. Rd1+ Ke8 30. Qg7 Ke7 31. g3 Qf3 32. Rb1 b6 33. Qd4 Rd8 34. Qb4+ Ke8 35. Qa4+ Rd7 36. Qc4 Ne5 37. Qb5 Qd5 38. Qa6 Nf3+ 39. Kf1 Nd2+ 40. Ke2 Nxb1 41. Qc8+ Rd8 0-1


[Site "https://www.chess.com"]

[Event "Titled Tuesday Blitz April 05 Late 2022"]
[White "Villegas, Pierre"]
[Black "Czopor, Maciej"]
[WhiteFideId "654183"]
[BlackFideId "21805431"]
[WhiteElo "2542"]
[BlackElo "2682"]
[Result "0-1"]
[Round "05"]
[TimeControl "180+1"]
[Date "2022.04.06"]
[WhiteClock "0:00:01"]
[BlackClock "0:00:06"]

1. d4 Nf6 2. c4 g6 3. f3 Bg7 4. e4 d6 5. Ne2 O-O 6. Be3 Nc6 7. Qd2 a6 8. Nec3 e5 9. d5 Nd4 10. Na3 c5 11. dxc6 bxc6 12. Nc2 c5 13. Bd3 Nh5 14. Nd5 Rb8 15. b3 Nf4 16. Nxd4 Nxd3+ 17. Qxd3 exd4 18. Bd2 Re8 19. O-O f5 20. Rae1 Rb7 21. Rf2 Rf7 22. Rfe2 Ref8 23. Bc1 fxe4 24. Qxe4 Bf5 25. Ne7+ Kh8 26. Nxf5 Rxf5 27. Qd3 Be5 28. Re4 Qa5 29. Qd2 Qc7 30. Qe2 Qf7 31. Qd3 g5 32. Bd2 Qh5 33. h3 Qg6 34. R4e2 h5 35. Qe4 Kh7 36. Qb7+ R8f7 37. Qe4 Bg3 38. Rf1 Re5 39. Qxg6+ Kxg6 40. Rxe5 dxe5 41. Be1 h4 42. Bxg3 hxg3 43. Rd1 e4 44. fxe4 Rf2 45. Re1 Kf6 46. e5+ Ke6 47. Re4 Rxa2 48. Kf1 d3 49. Ke1 Rxg2 50. Rg4 d2+ 51. Kd1 Kxe5 52. Rxg5+ Kd4 53. Rd5+ Kc3 54. Re5 Rg1+ 55. Ke2 d1=Q+ 0-1


[Site "https://www.chess.com"]

[Event "Titled Tuesday Blitz April 05 Late 2022"]
[White "Vusatiuk, Vladimir"]
[Black "Mikhnenko, Alexander"]
[WhiteFideId "14118610"]
[BlackFideId "34143014"]
[WhiteElo "2565"]
[BlackElo "2403"]
[Result "1-0"]
[Round "05"]
[TimeControl "180+1"]
[Date "2022.04.06"]
[WhiteClock "0:00:04"]
[BlackClock "0:00:03"]

1. d4 Nf6 2. c4 d6 3. Nc3 e5 4. Nf3 Nbd7 5. g3 g6 6. Bg2 Bg7 7. O-O O-O 8. e4 exd4 9. Nxd4 Re8 10. h3 Nc5 11. Re1 a5 12. Ndb5 Bd7 13. Bg5 h6 14. Bf4 Bxb5 15. cxb5 Nfd7 16. Qd2 h5 17. Bg5 Bf6 18. Bxf6 Nxf6 19. Qd4 Qe7 20. b6 c6 21. Rad1 Nfd7 22. Qxd6 Qxd6 23. Rxd6 Nxb6 24. b3 a4 25. b4 Ne6 26. e5 Red8 27. Red1 Kf8 28. Ne4 Ke7 29. Nc5 Nxc5 30. bxc5 Nc4 31. R6d4 Nxe5 32. Rxd8 Rxd8 33. Re1 Kf6 34. Rb1 Rd2 35. a3 Rd7 36. Rb4 Nd3 37. Rc4 Nb2 38. Rb4 Nd3 39. Rc4 Ke5 40. Bf1 Rd4 41. Rc3 Ke4 42. Rc2 Kd5 43. Bg2+ Ke6 44. Re2+ Kf6 45. Rd2 Ke5 46. f4+ Ke6 47. Kf1 Rd7 48. h4 Nxc5 49. Bh3+ Ke7 50. Bxd7 Nxd7 51. f5 gxf5 52. Re2+ Kd6 53. Rf2 Ke6 54. Rf4 Ne5 55. Rxa4 b5 56. Ra7 f6 57. Rc7 Kd6 58. Rc8 Kd5 59. Ke2 c5 60. Rh8 c4 61. Rxh5 Kd4 62. Rxf5 c3 63. Rf4+ Kc5 64. Kd1 Nc4 65. Rf5+ Kd4 66. Rxb5 Nxa3 67. Rb4+ Kd3 68. Ra4 Nc4 69. Rxc4 Kxc4 70. h5 Kd3 71. h6 Ke3 72. h7 Kf3 73. h8=Q Kxg3 74. Kc2 f5 75. Qxc3+ Kg4 76. Qd4+ f4 77. Qf2 f3 78. Kd3 1-0


[Site "https://www.chess.com"]

[Event "Titled Tuesday Blitz April 05 Late 2022"]
[White "Ward, Ieuan C"]
[Black "Prohorov, Olexandr"]
[WhiteFideId "406627"]
[BlackFideId "14105578"]
[WhiteElo "2299"]
[BlackElo "1993"]
[Result "1/2-1/2"]
[Round "05"]
[TimeControl "180+1"]
[Date "2022.04.06"]
[WhiteClock "0:00:06"]
[BlackClock "0:00:01"]

1. e4 c5 2. Nf3 Nc6 3. d4 cxd4 4. c3 Nf6 5. e5 Nd5 6. cxd4 d6 7. Bc4 Nb6 8. Bb3 d5 9. O-O Bg4 10. Be3 e6 11. h3 Bh5 12. Nbd2 Be7 13. Bc2 O-O 14. Rc1 Rc8 15. Bb1 Na5 16. Rxc8 Qxc8 17. b3 Qc3 18. Qc2 Qxc2 19. Bxc2 Rc8 20. Bb1 Nc6 21. Rc1 Bg6 22. Bxg6 hxg6 23. Ne1 Ba3 24. Rc2 Nb4 25. Rxc8+ Nxc8 26. Nb1 Bb2 27. a3 Nc6 28. Nc2 f6 29. f4 Kf7 30. Kf2 g5 31. g3 gxf4 32. gxf4 N8e7 33. Ke2 Nf5 34. Kd3 Nxe3 35. Kxe3 g5 36. fxg5 fxe5 37. dxe5 Bxe5 38. Nd2 Kg6 39. Nf3 Bd6 40. b4 e5 41. h4 Kh5 42. b5 Ne7 43. Nb4 Nf5+ 44. Kd2 e4 45. Ne1 d4 46. Nbc2 Bf4+ 47. Kd1 Kxh4 48. g6 Be5 49. Nb4 Kg5 50. Nec2 d3 51. Ne1 Ne3+ 52. Kd2 Nc4+ 53. Kd1 Nxa3 54. Nexd3 exd3 55. Nxd3 Bg7 56. Nc5 b6 57. Ne6+ Kxg6 58. Nd8 Nxb5 59. Nc6 a5 60. Kc2 Kf5 61. Kb3 Nc7 62. Ka4 Ke6 63. Nxa5 Kd5 64. Nb3 b5+ 65. Kb4 1/2-1/2


[Site "https://www.chess.com"]